 Dungeon Sprint DCSS version 0.30.1-4-g462c640d31 (webtiles) character file.

Game seed: 14329318845995662198

28572 Heoruswealwe the Executioner (level 13, -9/143 HPs)
             Began as a Hill Orc Fighter on Aug 21, 2023.
             Was the Champion of Okawaru.
             Killed from afar by Lom Lobon (19 damage)
             ... with a great icy blast
             ... in the Dungeon (Sprint I: "Red Sonja").
             The game lasted 01:21:23 (4390 turns).

Heoruswealwe the Executioner (Hill Orc Fighter)     Turns: 4390, Time: 01:21:23

Health: -9/143     AC: 47    Str: 27      XL:     13   Next: 39%
Magic:  4/4        EV:  6    Int:  7 (8)  God:    Okawaru [******]
Gold:   2987       SH: 17    Dex:  1      Spells: 12/12 levels left

rFire   + + .        a - +7 broad axe (antimagic)
rCold   + . .        d - +0 tower shield
rNeg    . . .        c - +14 crystal plate armour of Dulas {Dex-5 Slay+4 SInv}
rPois   +            g - +1 helmet of a volcano {Regen+ Dex-4 Stlth+}
rElec   .            h - scarf {rC+ rF+}
rCorr   .            f - +2 pair of gloves {Str+3}
SInv    +            (no boots)
Will    .....        (no amulet) Stlth
                     (no ring)
HPRegen 1.23/turn    (no ring)
MPRegen 0.09/turn

%: no teleportation
@: lethally poisoned (-9 -> -13), flying, slowed, very slow
A: deterioration 1, fire resistance 1, poison resistance, subdued magic 2
a: Renounce Religion, Heroism, Finesse


You were in the Dungeon.
You worshipped Okawaru.
Okawaru was exalted by your worship.
You visited 1 branch You collected 5850 gold pieces.
You spent 2863 gold pieces at shops.

Inventory:

Hand Weapons
 a - a +7 antimagic broad axe (weapon)
 b - a +2 longbow of draining
 o - the +6 flail "Unoup" {venom, rF+ Dex-3 Stlth+}
   (You found it in the Dungeon)

   Dex:       It affects your dexterity (-3).
   rF:        It protects you from fire.
   Stlth:     It makes you more stealthy.
 u - a +4 eudemon blade of holy wrath
 x - the +4 long sword of Mileeraf {elec, rN+}
   (You found it in the Dungeon)

   rN:        It protects you from negative energy.
Armour
 c - the +14 crystal plate armour of Dulas (worn) {Dex-5 Slay+4 SInv}
   (You found it in the Dungeon)

   Dex:       It affects your dexterity (-5).
   Slay:      It affects your accuracy & damage with ranged weapons and melee
   (+4).
   SInv:      It lets you see invisible.
 d - a +0 tower shield (worn)
 f - a +2 pair of gloves of strength (worn)
 g - the +1 helmet of a volcano (worn) {Regen+ Dex-4 Stlth+}
   (You bought it in a shop in the Dungeon)

   Dex:       It affects your dexterity (-4).
   Regen:     It increases your rate of health regeneration.
   Stlth:     It makes you more stealthy.
 h - a scarf of resistance (worn)
 n - the +1 pair of gloves of Gluttony {Int-4 Dex+5}
   (Okawaru gifted it to you in the Dungeon)

   Int:       It affects your intelligence (-4).
   Dex:       It affects your dexterity (+5).
 q - +0 shadow dragon scales
Wands
 k - a wand of digging (3)
 l - a wand of flame (36)
Scrolls
 v - a scroll of poison
 w - 3 scrolls of fear
 y - a scroll of identify
Potions
 e - 8 potions of curing
 m - 3 potions of might
 p - 2 potions of cancellation
 s - a potion of mutation
 t - a potion of resistance


   Skills:
 + Level 21.0 Fighting
 + Level 22.5 Axes
 + Level 19.4 Armour
 + Level 19.4 Shields


You had 12 spell levels left.
You didn't know any spells.
Your spell library contained the following spells:

 Spells                   Type           Power      Damage    Failure   Level
 Magic Dart               Conj           0%         1d3       100%        1
 Mephitic Cloud           Conj/Pois/Air  0%         N/A       100%        3
 Portal Projectile        Hex/Tloc       0%         N/A       100%        3
 Vhi's Electric Charge    Tloc/Air       0%         N/A       100%        3
 Arcjolt                  Conj/Air       0%         1d10      100%        5
 Blade Hands              Tmut           0%         N/A       100%        5
 Maxwell's Capacitive Co  Air            0%         ∞         100%        8
 Chain Lightning          Conj/Air       0%         N/A       100%        9
 Fire Storm               Conj/Fire      0%         5d1       100%        9
 Shatter                  Erth           0%         3d5*      100%        9
 Call Imp                 Summ           Unusable   N/A       N/A         2
 Tukima's Dance           Hex            Unusable   N/A       N/A         3

Dungeon Overview and Level Annotations

Branches:
Dungeon (1/1)

Altars:
Cheibriados
Dithmenos
Elyvilon
Fedhas
Gozag
Hepliaklqana
Kikubaaqudgha
Makhleb
Nemelex Xobeh
Okawaru
Qazlal
Ru
Sif Muna
Trog
Uskayaw
Vehumet
Wu Jian
Xom
Yredelemnul
Zin
The Shining One
Jiyva
Lugonu

Shops:
D ((([(***:(::[([([([

Annotations:
D Lom Lobon, Tiamat


Innate Abilities, Weirdness & Mutations

Your body sometimes deteriorates upon taking damage.
Your flesh is heat resistant. (rF+)
Your system is resistant to poisons. (rPois)
Your spells are easier to cast, but less powerful.


Message History

The deep elf master archer is engulfed in dark miasma.
The deep elf master archer looks as sick as possible!
The deep elf master archer shoots an arrow.
The arrow barely misses you. 2 ball lightnings come into view.
You slice the deep elf master archer!!
The deep elf master archer is almost dead.
You are engulfed in dark miasma.
You feel yourself slow down.
You feel very sick.
A ball lightning comes into view.
The deep elf master archer is engulfed in dark miasma.
The deep elf master archer looks as sick as possible!
The deep elf master archer shoots an arrow.
The arrow hits you!!
Your body deteriorates!
You feel dopey.
The deep elf master archer is engulfed in dark miasma.
The deep elf master archer looks as sick as possible!
The deep elf master archer seems to slow down.
The deep elf master archer shoots an arrow.
You block the arrow.
You miss the deep elf master archer.
The deep elf master archer is almost dead.
You closely miss the ball lightning.
You feel extremely sick.
The deep elf master archer dies!
The ball lightning explodes! x3
The blast of lightning engulfs Lom Lobon.
Lom Lobon completely resists.
The blast of lightning engulfs you!!!
* * * LOW HITPOINT WARNING * * *
Your Fighting skill increases to level 21!
Blink to where?
Press: ? - help, Dir - move target
As you read the scroll of blinking, it crumbles to dust.
You feel very sick.
The winds around Lom Lobon start to calm down.
Lom Lobon gestures.
Lom Lobon blinks!
Lom Lobon gestures at you.
Lom Lobon conjures a mighty blast of ice!
The great icy blast engulfs you!! You partially resist.
You die...

.....)###,,,,#~~~~~########.○°.#
..#####,,,,####~†~~#~~~~~#.....#
.##,,,§,^,,#..#'~~~'~~.~~+...○.#
##,,,,.§,,,#...##~~#~~~~~#~~~..#
#,,,,,§§§,,#....######'#####~~~#
#****,§§§§^#....#~~≈≈≈≈≈≈≈≈##~~#
≈≈≈.*,°§§°°#######~~~~≈≈≈≈≈≈≈≈~#
####*,§.°§§&§§#.)'...~~~~~~~#≈≈#
+,,,,,°§§§°#§§§§@#........~~~#≈#
#*****###**#####################


You could see Lom Lobon (gusty).

Vanquished Creatures
  the Lernaean hydra (D)
  A golden dragon (D)
  A shadow dragon (D)
  A daeva (D)
  4 fire giants (D)
  A lorocyproca (D)
  A deep elf annihilator (D)
  A mummy priest (D)
  A hydra (D)
  2 centaur warriors (D)
  Sonja (D)
  A deep troll (D)
  A lindwurm (D)
  2 oklob plants (D)
  8 shining eyes (D)
  2 merfolk sirens (D)
  2 gargoyles (D)
  4 demonic crawlers (D)
  7 unseen horrors (D)
  2 kobold demonologists (D)
  A meliai (D)
  4 hornets (D)
  A hellwing (D)
  A slime creature (D)
  Sigmund (D)
  13 hogs (D)
  A yak (D)
  2 redbacks (D)
  7 floating eyes (D)
  An ogre (D)
  7 necrophages (D)
  8 jellies (D)
  Ijyb (D)
  A ballistomycete spore (D)
93 creatures vanquished.

Vanquished Creatures (others)
  A deep elf master archer (D)
  A hornet (D)
  3 ball lightnings (D)
  A ballistomycete spore (D)
6 creatures vanquished.

Grand Total: 99 creatures vanquished

Notes
Turn   | Place    | Note
-------+----------+-------------------------------------------
     0 | D        | Heoruswealwe the Hill Orc Fighter began the quest for the
                  | Orb.
     0 | D        | Reached XP level 1. HP: 19/19 MP: 1/1
     1 | D        | Noticed Ijyb
    18 | D        | Killed Ijyb
    19 | D        | Reached skill level 5 in Fighting
    19 | D        | Reached skill level 4 in Axes
    19 | D        | Reached XP level 2. HP: 22/29 MP: 2/2
    19 | D        | Reached XP level 3. HP: 28/36 MP: 3/3
    54 | D        | Noticed an ogre
    57 | D        | Killed an ogre
    58 | D        | Reached skill level 6 in Axes
    58 | D        | Reached XP level 4. HP: 29/45 MP: 4/4
   145 | D        | Noticed Sigmund
   157 | D        | Killed Sigmund
   158 | D        | Reached skill level 8 in Axes
   158 | D        | Reached XP level 5. HP: 42/53 MP: 5/5
   158 | D        | Reached XP level 6. HP: 48/61 MP: 6/6
   211 | D        | Found a burning altar of Makhleb.
   211 | D        | Found a viscous altar of Jiyva.
   211 | D        | Found a shimmering altar of Xom.
   211 | D        | Found a corrupted altar of Lugonu.
   211 | D        | Noticed a slime creature
   219 | D        | Killed a slime creature
   220 | D        | Reached skill level 9 in Axes
   258 | D        | Found an ornate altar of the Wu Jian Council.
   258 | D        | Found a shimmering blue altar of Sif Muna.
   260 | D        | Found a radiant altar of Vehumet.
   265 | D        | Reached XP level 7. HP: 62/70 MP: 7/7
   291 | D        | Found Meriasi's Armour Emporium.
   291 | D        | Found an ancient bone altar of Kikubaaqudgha.
   291 | D        | Found a hazy altar of Hepliaklqana.
   291 | D        | Found a stormy altar of Qazlal.
   291 | D        | Found a hide-covered altar of Uskayaw.
   291 | D        | Found a blossoming altar of Fedhas.
   291 | D        | Found a bloodstained altar of Trog.
   291 | D        | Found an iron altar of Okawaru.
   291 | D        | Found a basalt altar of Yredelemnul.
   291 | D        | Found a glowing golden altar of the Shining One.
   291 | D        | Found a snail-covered altar of Cheibriados.
   291 | D        | Found a sacrificial altar of Ru.
   291 | D        | Found a glowing silver altar of Zin.
   291 | D        | Found a shadowy altar of Dithmenos.
   291 | D        | Found a white marble altar of Elyvilon.
   291 | D        | Noticed a yak
   298 | D        | Killed a yak
   299 | D        | Reached skill level 10 in Fighting
   299 | D        | Reached skill level 10 in Axes
   299 | D        | Found an opulent altar of Gozag.
   300 | D        | Found a sparkling altar of Nemelex Xobeh.
   371 | D        | Became a worshipper of Warmaster Okawaru
   399 | D        | Noticed a kobold demonologist
   399 | D        | Noticed a kobold demonologist
   404 | D        | Noticed a ynoxinul
   405 | D        | Killed a kobold demonologist
   405 | D        | Reached * piety under Okawaru
   406 | D        | Reached skill level 11 in Axes
   406 | D        | Reached skill level 10 in Armour
   406 | D        | Reached skill level 10 in Shields
   406 | D        | Reached XP level 8. HP: 81/81 MP: 8/8
   406 | D        | Killed a kobold demonologist
   407 | D        | Reached skill level 12 in Axes
   421 | D        | Noticed a centaur warrior
   423 | D        | Noticed a centaur warrior
   430 | D        | Killed a centaur warrior
   430 | D        | Reached ** piety under Okawaru
   431 | D        | Reached skill level 13 in Axes
   431 | D        | Reached XP level 9. HP: 41/91 MP: 9/9
   433 | D        | Killed a centaur warrior
   433 | D        | Reached *** piety under Okawaru
   443 | D        | Noticed a deep troll
   450 | D        | Killed a deep troll
   451 | D        | Reached skill level 14 in Axes
   495 | D        | Found Rakuwour's Armour Emporium.
   532 | D        | Noticed a hornet
   539 | D        | Killed a hornet
   539 | D        | Reached **** piety under Okawaru
   552 | D        | Noticed an oklob plant
   565 | D        | Killed an oklob plant
   565 | D        | Received a gift from Okawaru
   566 | D        | Reached skill level 15 in Axes
   566 | D        | Reached XP level 10. HP: 8/103 MP: 10/10
  1050 | D        | Killed an unseen horror
  1082 | D        | Killed an unseen horror
  1287 | D        | Reached ***** piety under Okawaru
  1309 | D        | Paralysed by a floating eye for 4 turns
  1321 | D        | Reached skill level 15 in Fighting
  1321 | D        | Reached skill level 16 in Axes
  1348 | D        | Identified the +14 crystal plate armour of Dulas {Dex-5
                  | Slay+4 SInv}
  1457 | D        | Found Wegi Beog's Distillery.
  1457 | D        | Found Nenuloim's Antique Weapon Emporium.
  1457 | D        | Found Yxkeki Cysoe's Weapon Emporium.
  1459 | D        | Found Taomadixt's Armour Boutique.
  1459 | D        | Found Lopsi's Magic Scroll Shoppe.
  1459 | D        | Found Runkodei's Weapon Shop.
  1459 | D        | Found Furrel's Antique Armour Emporium.
  1459 | D        | Found Rosk's Book Boutique.
  1459 | D        | Found Mineutz's Book Shoppe.
  1459 | D        | Found Aleimpu's Weapon Shop.
  1463 | D        | Found Mirghoxe's Book Emporium.
  1464 | D        | Found Gacw's General Store.
  1464 | D        | Found Ideus's Distillery.
  1465 | D        | Found Naso's Assorted Antiques.
  1475 | D        | Bought a scroll labelled QUSEFI GICY for 28 gold pieces
  1475 | D        | Bought a smoky pink potion for 25 gold pieces
  1475 | D        | Bought a cyan potion for 25 gold pieces
  1486 | D        | Bought a glowing broad axe for 175 gold pieces
  1491 | D        | Bought a pair of embroidered gloves for 210 gold pieces
  1498 | D        | Bought a scroll of enchant weapon for 90 gold pieces
  1498 | D        | Bought a scroll of enchant weapon for 90 gold pieces
  1498 | D        | Bought a scroll of identify for 24 gold pieces
  1498 | D        | Bought a scroll of identify for 24 gold pieces
  1498 | D        | Bought a scroll of identify for 24 gold pieces
  1498 | D        | Bought a scroll of identify for 24 gold pieces
  1599 | D        | Bought a +0 tower shield for 45 gold pieces
  1617 | D        | Noticed Sonja
  1624 | D        | Killed Sonja
  1858 | D        | Found Siow's Weapon Boutique.
  1872 | D        | Noticed a shining eye
  1872 | D        | Noticed a shining eye
  1872 | D        | Noticed a shining eye
  1892 | D        | Gained mutation: Armour fits poorly on your strangely
                  | shaped body. [a shining eye]
  1895 | D        | Gained mutation: You are clumsy. (Dex -2) [a shining eye]
  1897 | D        | Killed a shining eye
  1899 | D        | Gained mutation: You have sharp toenails. [a shining eye]
  1903 | D        | Killed a shining eye
  1904 | D        | Reached XP level 11. HP: 114/114 MP: 3/11
  1906 | D        | Killed a shining eye
  1907 | D        | Reached skill level 17 in Axes
  1913 | D        | Noticed a shining eye
  1913 | D        | Noticed a shining eye
  1913 | D        | Noticed a shining eye
  1914 | D        | Noticed a shining eye
  1914 | D        | Noticed a shining eye
  1914 | D        | Gained mutation: Your body sometimes deteriorates upon
                  | taking damage. [a shining eye]
  1915 | D        | Gained mutation: Your spells are a little easier to cast,
                  | but a little less powerful. [a shining eye]
  1916 | D        | Paralysed by a floating eye for 4 turns
  1917 | D        | Gained mutation: You occasionally lose the ability to read
                  | scrolls when taking damage. [a shining eye]
  1917 | D        | Gained mutation: You sometimes lose the ability to read
                  | scrolls when taking damage. [a shining eye]
  1918 | D        | Gained mutation: Your spells are easier to cast, but less
                  | powerful. [a shining eye]
  1922 | D        | Killed a shining eye
  1922 | D        | Gained mutation: You are somewhat resistant to further
                  | mutation. [a shining eye]
  1927 | D        | Killed a shining eye
  1927 | D        | Received a gift from Okawaru
  1927 | D        | Gained mutation: Your spells are much easier to cast, but
                  | much less powerful. [a shining eye]
  1928 | D        | Reached skill level 15 in Armour
  1928 | D        | Reached skill level 15 in Shields
  1928 | D        | Killed a shining eye
  1929 | D        | Killed a shining eye
  1934 | D        | Killed a shining eye
  2042 | D        | Found Viafaocs's Antique Weapon Shoppe.
  2042 | D        | Found Tang's Antique Weapon Shop.
  2042 | D        | Found Genoumno's Weapon Emporium.
  2042 | D        | Found Qikkegysh's Assorted Antiques.
  2055 | D        | Bought a fizzy brown potion for 23 gold pieces
  2055 | D        | Bought a scroll of identify for 52 gold pieces
  2057 | D        | Bought a glowing broad axe for 147 gold pieces
  2166 | D        | Reached skill level 18 in Axes
  2198 | D        | Noticed a lindwurm
  2203 | D        | Killed a lindwurm
  2330 | D        | Received a gift from Okawaru
  2346 | D        | Reached skill level 19 in Axes
  2351 | D        | Reached ****** piety under Okawaru
  2361 | D        | Noticed a 12-headed hydra
  2364 | D        | Paralysed by a floating eye for 3 turns
  2371 | D        | Killed a 17-headed hydra
  2372 | D        | Reached XP level 12. HP: 46/127 MP: 4/12
  2856 | D        | Bought a potion of cancellation for 104 gold pieces
  2856 | D        | Bought a potion of curing for 39 gold pieces
  2856 | D        | Bought a potion of curing for 39 gold pieces
  2856 | D        | Bought a potion of mutation for 104 gold pieces
  2856 | D        | Bought a potion of attraction for 39 gold pieces
  2856 | D        | Bought a potion of resistance for 130 gold pieces
  2856 | D        | Bought a potion of curing for 39 gold pieces
  2856 | D        | Bought a potion of mutation for 104 gold pieces
  2856 | D        | Bought a potion of might for 52 gold pieces
  2859 | D        | Bought a scroll of vulnerability for 48 gold pieces
  2859 | D        | Bought 3 scrolls of poison for 144 gold pieces
  2866 | D        | Bought a potion of degeneration for 11 gold pieces
  2880 | D        | Lost mutation: Armour fits poorly on your strangely shaped
                  | body. [potion of mutation]
  2880 | D        | Lost mutation: You sometimes lose the ability to read
                  | scrolls when taking damage. [potion of mutation]
  2880 | D        | Lost mutation: You have sharp toenails. [potion of
                  | mutation]
  2881 | D        | Lost mutation: You are somewhat resistant to further
                  | mutation. [potion of mutation]
  2881 | D        | Lost mutation: You are clumsy. (Dex -2) [potion of
                  | mutation]
  2881 | D        | Gained mutation: You are somewhat resistant to further
                  | mutation. [potion of mutation]
  2882 | D        | Lost mutation: You are somewhat resistant to further
                  | mutation. [potion of mutation]
  2882 | D        | Lost mutation: Your spells are much easier to cast, but
                  | much less powerful. [potion of mutation]
  2980 | D        | Noticed a lorocyproca
  2990 | D        | Killed a lorocyproca
  3276 | D        | Bought the +1 helmet of a volcano {Regen+ Dex-4 Stlth+} for
                  | 109 gold pieces
  3276 | D        | Bought a scarf of resistance for 320 gold pieces
  3348 | D        | Bought a potion of berserk rage for 55 gold pieces
  3349 | D        | Bought a potion of curing for 39 gold pieces
  3349 | D        | Bought a potion of curing for 39 gold pieces
  3349 | D        | Bought a potion of might for 52 gold pieces
  3349 | D        | Bought a potion of curing for 39 gold pieces
  3349 | D        | Bought a potion of mutation for 104 gold pieces
  3349 | D        | Bought a potion of flight for 39 gold pieces
  3349 | D        | Bought a potion of mutation for 104 gold pieces
  3349 | D        | Bought 2 potions of might for 104 gold pieces
  3360 | D        | Lost mutation: Your body sometimes deteriorates upon taking
                  | damage. [potion of mutation]
  3360 | D        | Lost mutation: You occasionally lose the ability to read
                  | scrolls when taking damage. [potion of mutation]
  3360 | D        | Gained mutation: Your body sometimes deteriorates upon
                  | taking damage. [potion of mutation]
  3360 | D        | Gained mutation: Your system is resistant to poisons.
                  | (rPois) [potion of mutation]
  3360 | D        | Gained mutation: Your flesh is heat resistant. (rF+)
                  | [potion of mutation]
  3431 | D        | Noticed a daeva
  3451 | D        | Received a gift from Okawaru
  3452 | D        | Reached skill level 20 in Axes
  3498 | D        | Killed a daeva
  3539 | D        | Noticed a fire giant
  3542 | D        | Noticed a fire giant
  3542 | D        | Noticed a fire giant
  3543 | D        | Noticed a fire giant
  3556 | D        | Killed a fire giant
  3560 | D        | Killed a fire giant
  3562 | D        | Killed a fire giant
  3568 | D        | Killed a fire giant
  3645 | D        | Found the +4 dragonskin cloak
  3645 | D        | Noticed Tiamat
  3714 | D        | Noticed a shadow dragon
  3714 | D        | Noticed a golden dragon
  3725 | D        | Killed a golden dragon
  3726 | D        | Reached skill level 21 in Axes
  3736 | D        | Killed a shadow dragon
  3737 | D        | Reached XP level 13. HP: 139/139 MP: 4/13
  3747 | D        | Identified the +4 long sword of Mileeraf {elec, rN+}
  3809 | D        | Found Huwowk's Armour Shoppe.
  3843 | D        | Noticed a deep elf annihilator
  3844 | D        | Noticed a mummy priest
  3852 | D        | Killed a deep elf annihilator
  3852 | D        | Received a gift from Okawaru
  4014 | D        | Killed a mummy priest
  4015 | D        | Reached skill level 22 in Axes
  4069 | D        | Noticed the 27-headed Lernaean hydra
  4087 | D        | Killed the 26-headed Lernaean hydra
  4087 | D        | Identified the +1 pair of gloves of Gluttony {Int-4 Dex+5}
                  | (Okawaru gifted it to you in the Dungeon)
  4087 | D        | Received a gift from Okawaru
  4201 | D        | Noticed a deep elf master archer
  4311 | D        | Identified the +6 flail "Unoup" {venom, rF+ Dex-3 Stlth+}
  4384 | D        | Noticed Lom Lobon
  4385 | D        | Identified the staff of poison "Ossirod" {Fly rPois}
  4389 | D        | Killed a deep elf master archer
  4390 | D        | Killed from afar by Lom Lobon

Illustrated notes

Levels and vault maps discovered:
D:        dungeon_sprint_1 [red_sonja_temple_1, red_sonja_temple_small_1]

Skill      XL: |  1  2  3  4  5  6  7  8  9 10 11 12 13 |
---------------+----------------------------------------+-----
Fighting       | 5 6 8 9 10 12 14 15 18 20 21 | 21.0
Axes           | 4 6 8 9 11 13 15 16 19 21 22 | 22.5
Armour         | 4 6 7 8 10 11 13 14 16 18 19 | 19.4
Shields        | 4 6 7 8 10 11 13 14 16 18 19 | 19.4

Action                     |  1- 3 |  4- 6 |  7- 9 | 10-12 | 13-15 || total
---------------------------+-------+-------+-------+-------+-------++-------
  Melee: War axe           |    18 |    14 |    46 |    76 |       ||   154
         Broad axe         |       |       |       |   184 |    47 ||   231
         Kick              |       |       |       |    28 |       ||    28
  Evoke: Wand              |     1 |       |       |     2 |     1 ||     4
    Use: Potion            |     1 |       |     5 |     8 |     6 ||    20
         Scroll            |       |       |       |    12 |     8 ||    20
 Armour: Scale mail        |     2 |       |       |       |       ||     2
         Chain mail        |       |     5 |    24 |    38 |       ||    67
         Crystal plate arm |       |       |       |   194 |   172 ||   366
  Dodge: Dodged            |    12 |     2 |     9 |    41 |    26 ||    90
  Block: Buckler           |     2 |     3 |    11 |    15 |       ||    31
         Tower shield      |       |       |       |   111 |    66 ||   177
